 Dungeon Crawl Stone Soup version 0.29.0-4-gdea44cf6ec (webtiles) character file.

Game seed: 2778959314909007072

8508 gelatine the Markself (level 11, -1/67 HPs)
             Began as a Deep Elf Gladiator on Aug 26, 2022.
             Was a Believer of Makhleb.
             Slain by an orc warlord
             ... wielding a +6 broad axe
              (13 damage)
             ... in a bailey.
             The game lasted 00:42:24 (8769 turns).

gelatine the Markself (Deep Elf Gladiator)          Turns: 8769, Time: 00:42:24

Health: -1/67      AC: 15    Str:  8    XL:     11   Next: 10%
Magic:  21/21      EV: 19    Int: 14    God:    Makhleb [**....]
Gold:   552        SH:  5    Dex: 26    Spells: 20/20 levels left

rFire   + + .      SeeInvis .   b - +4 sling of Regicide {vorpal, rElec Stlth+}
rCold   + . .      Faith    .   (no shield)
rNeg    . . .      Spirit   .   i - +3 leather armour of Baag {rPois rF++ Str-3 Slay+3}
rPois   +          Reflect  +   c - +1 helmet
rElec   +          Harm     .   C - +1 cloak
rCorr   .          Rampage  .   u - +0 pair of gloves
Will    +....                   M - +3 pair of mountain boots {steadfast, rC+}
Stlth   ++++......              Q - amulet of reflection
HPRegen 0.21/turn               G - +6 ring of dexterity
MPRegen 0.17/turn               F - +4 ring of evasion

@: no status effects
A: no striking features
a: Renounce Religion, Minor Destruction


You were in a bailey.
You worshipped Makhleb.
Makhleb was pleased with you.
You visited 2 branches of the dungeon, and saw 10 of its levels.
You also visited: Bailey.

You collected 622 gold pieces.
You spent 70 gold pieces at shops.

Inventory:

Hand Weapons
 a - a +3 long sword of freezing
 b - the +4 sling of Regicide (weapon) {vorpal, rElec Stlth+}
   (You found it on level 2 of the Dungeon)

   Any ammunition fired from it inflicts extra damage upon your enemies.
   rElec:     It insulates you from electricity.
   Stlth:     It makes you more stealthy.
 g - the +7 quarterstaff of the Supporting Fool {flame, rF++}
   (You found it on level 7 of the Dungeon)

   It burns those it strikes, dealing additional fire damage.
   rF:        It greatly protects you from fire.
 o - a +4 dagger of draining
 y - a +4 quarterstaff of chaos
 S - a +0 arbalest
Missiles
 f - a javelin
 n - 40 poisoned darts
 E - 23 boomerangs
 H - 3 curare-tipped darts
 N - 21 throwing nets
 P - 3 boomerangs of dispersal
Armour
 c - a +1 helmet (worn)
 i - the +3 leather armour of Baag (worn) {rPois rF++ Str-3 Slay+3}
   (You found it on level 2 of the Dungeon)

   Str:       It affects your strength (-3).
   Slay:      It affects your accuracy & damage with ranged weapons and melee
   (+3).
   rF:        It greatly protects you from fire.
   rPois:     It protects you from poison.
 u - a +0 pair of gloves (worn)
 C - a +1 cloak (worn)
 M - the +3 pair of mountain boots (worn) {steadfast, rC+}
   (You found it on level 7 of the Dungeon)

   It prevents involuntary movement, except for blinking, teleportation, or
   banishment.
   rC:        It protects you from cold.
Magical Staves
 v - a staff of cold
Jewellery
 F - a +4 ring of evasion (right hand)
 G - a +6 ring of dexterity (left hand)
 Q - an amulet of reflection (around neck)
Wands
 O - a wand of flame (31)
 R - a wand of paralysis (8)
 T - a wand of mindburst (19)
Scrolls
 d - 5 scrolls of teleportation
 l - a scroll of noise
 p - 5 scrolls of vulnerability
 t - a scroll of blinking
 w - a scroll of amnesia
 A - 5 scrolls of fear
 B - 2 scrolls of magic mapping
 L - a scroll of immolation {unknown}
 U - a scroll of acquirement {unknown}
 V - 2 scrolls of summoning {unknown}
Potions
 e - 2 potions of berserk rage
 h - 4 potions of resistance
 j - 3 potions of might {unknown}
 k - a potion of heal wounds
 m - 2 potions of attraction {unknown}
 q - 7 potions of curing
 r - 2 potions of flight {unknown}
 x - a potion of ambrosia {unknown}
 z - 3 potions of cancellation {unknown}
 D - a potion of lignification {unknown}
 I - 2 potions of magic {unknown}
 K - a potion of brilliance
 W - 3 potions of invisibility {unknown}
 X - a potion of haste {unknown}


   Skills:
 * Level 7.1 Fighting
 + Level 4.3 Short Blades
 + Level 15.0 Ranged Weapons
 + Level 2.3 Throwing
 + Level 2.7 Armour
 + Level 5.1 Dodging
 + Level 3.3 Stealth
 + Level 0.5 Shields
 + Level 5.4 Spellcasting
 * Level 2.9 Invocations
 + Level 4.6 Evocations


You had 20 spell levels left.
You didn't know any spells.
Your spell library contained the following spells:

 Spells                   Type           Power      Damage    Failure   Level
 Apportation              Tloc           6%         N/A       24%         1
 Magic Dart               Conj           12%        1d3       24%         1
 Necrotise                Necr           12%        1d4       24%         1
 Summon Small Mammal      Summ           12%        N/A       24%         1
 Call Imp                 Summ           3%         N/A       34%         2
 Ensorcelled Hibernation  Hex/Ice        6%         N/A       34%         2
 Passwall                 Tmut/Erth      2%         N/A       34%         2
 Mephitic Cloud           Conj/Pois/Air  3%         N/A       56%         3
 Swiftness                Air            3%         N/A       56%         3
 Petrify                  Tmut/Erth      3%         N/A       93%         4
 Metabolic Englaciation   Hex/Ice        1%         N/A       100%        5
 Statue Form              Tmut/Erth      2%         N/A       100%        6
 Necromutation            Tmut/Necr      1%         N/A       100%        8


Dungeon Overview and Level Annotations

Branches:
Dungeon (9/15)             Temple (1/1) D:7          Bailey (1/1)
   Lair: D:8-11         Orc: D:9-12

Altars:
Ashenzari
Elyvilon
Fedhas
Gozag
Kikubaaqudgha
Makhleb
Nemelex Xobeh
Okawaru
Qazlal
Ru
Sif Muna
Trog
Uskayaw
Vehumet
Wu Jian
Xom
Yredelemnul
The Shining One

Shops:
D:6 *   D:8 !

Annotations:
D:4 3 runed translucent doors, ProzacElf's ghost, amateur MeCA; gelatine's ghost, amateur DsSu; turdburglar's ghost, amateur GnBr


Message History

You shoot a sling bullet. The sling bullet hits the orc warlord.
The orc warlord is heavily wounded.
You shoot a sling bullet.
The sling bullet hits the orc warlord but does no damage.
The orc warlord is severely wounded.
The orc warlord hits you with a +6 broad axe.
You shoot a sling bullet. The sling bullet hits the orc warlord!
The orc warlord is severely wounded.
The orc warlord hits you with a +6 broad axe!!
You are too injured to fight recklessly!
You are too injured to fight recklessly!
You are too injured to fight recklessly!
Aiming: Minor Destruction (6% risk of failure)
Press: ? - help, Shift-Dir - straight line, f/p - orc warlord
Aim: an orc warlord, wielding a +6 broad axe and wearing a +0 plate armour (severely wounded, extremely poisoned)
The stone arrow hits the orc warlord but does no damage.
The orc warlord is severely wounded.
The orc warlord hits you with a +6 broad axe!
* * * LOW HITPOINT WARNING * * *
You feel much better. The orc warlord closely misses you.
Aiming: Minor Destruction (6% risk of failure)
Press: ? - help, Shift-Dir - straight line, f/p - orc warlord
Aim: an orc warlord, wielding a +6 broad axe and wearing a +0 plate armour (almost dead, extremely poisoned)
The puff of flame hits the orc warlord.
The orc warlord is almost dead.
The orc warlord hits you with a +6 broad axe!!
* * * LOW HITPOINT WARNING * * *
You are too injured to fight recklessly!
Fire: b) +4 sling of Regicide {vorpal, rElec Stlth+}
Press: ? - help, Q - select action, (/) - cycle Shift-Dir - straight line, f/p - orc warlord
Aim: an orc warlord, wielding a +6 broad axe and wearing a +0 plate armour (almost dead, extremely poisoned, 82% to hit)
You shoot a sling bullet. The sling bullet hits the orc warlord.
The orc warlord is almost dead.
Fire: b) +4 sling of Regicide {vorpal, rElec Stlth+}
Press: ? - help, Q - select action, (/) - cycle Shift-Dir - straight line, f/p - orc warlord
Aim: an orc warlord, wielding a +6 broad axe and wearing a +0 plate armour (almost dead, extremely poisoned, 82% to hit)
You shoot a sling bullet. The sling bullet hits the orc warlord.
The orc warlord is almost dead.
The orc warlord hits you with a +6 broad axe!
You die...

..##~~)~~##.......##
...#~)~~~#☼○○8..8..##
...#~~~~~#.........○#
...')..).'.○.°○...☼°#
)#########.○...°8.○.#
##~~~#~~~####..°○..##
#~=.....~#~~#.....##
#~!........~#...o##
##8.8...8.8~##..@#
.#........☼○○'...#
.#....∩...○~~'...#
.#.........~~○○..#
##8.8...8○8~##...#
#~!......☼.~#.°..##
#~|.....~#~~#○..○.##
##~~~#~~~####.))...##
.#########....÷.8...#


You could see an orc warlord (extremely poisoned).

Vanquished Creatures
  A boulder beetle (D:7)
  A two-headed ogre (D:8)
  Pikel (D:6)
  2 kobold demonologists (D:9)
  A troll (D:9)
  Prince Ribbit (D:6)
  Sigmund (D:4)
  A wyvern (D:9)
  A steam dragon (D:7)
  Edmund (D:6)
  Menkaure (D:5)
  A water moccasin (D:6)
  An acid dragon (D:9)
  12 orc warriors
  A sky beast (D:7)
  3 black bears
  A centaur (D:7)
  An ogre (D:6)
  2 lemures (D:6)
  3 phantoms
  5 kobold brigands
  5 bullfrogs
  4 gnoll sergeants (D:7)
  2 necrophages
  4 scorpions
  6 wights
  A killer bee (D:7)
  6 howler monkeys
  3 electric eels
  4 gnoll boudas
  2 orc priests
  Crazy Yiuf (D:5)
  8 hounds
  Natasha (thrice) (D:3)
  3 iguanas
  8 orc wizards
  30 gnolls
  6 adders
  2 white imps
  A worm (D:3)
  6 dart slugs
  32 orcs
  4 ball pythons (D:1)
  6 bats
  5 endoplasms
  4 giant cockroaches
  15 goblins
  5 hobgoblins
  13 jackals
  3 quokkas
  4 frilled lizards
  25 kobolds
  4 rats
267 creatures vanquished.

Vanquished Creatures (others)
  8 plants
  4 withered plants (D:4)
12 creatures vanquished.

Grand Total: 279 creatures vanquished

Notes
Turn   | Place    | Note
-------+----------+-------------------------------------------
     0 | D:1      | gelatine the Deep Elf Gladiator began the quest for the
                  | Orb.
     0 | D:1      | Reached XP level 1. HP: 12/12 MP: 3/3
   236 | D:1      | Reached XP level 2. HP: 15/16 MP: 4/4
   824 | D:1      | Reached XP level 3. HP: 20/21 MP: 5/5
  1322 | D:2      | Identified the +4 sling of Regicide {vorpal, rElec Stlth+}
  1741 | D:2      | Identified the +3 leather armour of Baag {rPois rF++ Str-3
                  | Slay+3}
  1915 | D:3      | Noticed a necrophage
  1923 | D:3      | Killed a necrophage
  1924 | D:3      | Reached skill level 2 in Ranged Weapons
  1924 | D:3      | Reached skill level 1 in Armour
  1924 | D:3      | Reached XP level 4. HP: 25/26 MP: 6/6
  1948 | D:3      | Found a shimmering altar of Xom.
  1957 | D:3      | Noticed Natasha
  1962 | D:3      | Killed Natasha
  1963 | D:3      | Reached XP level 5. HP: 30/30 MP: 7/7
  2027 | D:3      | Noticed a phantom
  2032 | D:3      | Killed a phantom
  2033 | D:3      | Reached skill level 3 in Ranged Weapons
  2041 | D:3      | Reached skill level 4 in Ranged Weapons
  2041 | D:3      | Reached XP level 6. HP: 36/36 MP: 8/8
  2049 | D:3      | Found a faded altar of an unknown god.
  2087 | D:3      | Found a sparkling altar of Nemelex Xobeh.
  2240 | D:3      | Found an ornate altar of the Wu Jian Council.
  2382 | D:3      | Noticed Natasha
  2387 | D:3      | Killed Natasha
  2724 | D:3      | Noticed Natasha
  2735 | D:3      | Killed Natasha
  2736 | D:3      | Reached skill level 5 in Ranged Weapons
  2937 | D:4      | Reached skill level 1 in Stealth
  2953 | D:4      | Found a basalt altar of Yredelemnul.
  2953 | D:4      | Found an ancient bone altar of Kikubaaqudgha.
  2956 | D:4      | Found a sacrificial altar of Ru.
  3017 | D:4      | Found a stormy altar of Qazlal.
  3045 | D:4      | Reached skill level 6 in Ranged Weapons
  3112 | D:4      | Noticed Sigmund
  3118 | D:4      | Killed Sigmund
  3119 | D:4      | Reached skill level 7 in Ranged Weapons
  3119 | D:4      | Reached XP level 7. HP: 29/40 MP: 9/9
  3249 | D:4      | Found a runed translucent gate.
  3250 | D:4      | Found a runed translucent gate.
  3251 | D:4      | Found a runed translucent gate.
  3253 | D:4      | Noticed ProzacElf's ghost (amateur MeCA)
  3253 | D:4      | Noticed gelatine's ghost (amateur DsSu)
  3254 | D:4      | Noticed turdburglar's ghost (amateur GnBr)
  3527 | D:4      | Reached skill level 8 in Ranged Weapons
  3880 | D:5      | Entered Level 5 of the Dungeon
  3917 | D:5      | Noticed Menkaure
  3923 | D:5      | Killed Menkaure
  4108 | D:5      | Reached XP level 8. HP: 46/46 MP: 10/10
  4112 | D:5      | Reached skill level 9 in Ranged Weapons
  4182 | D:5      | Found a runed translucent door.
  4183 | D:5      | Noticed Crazy Yiuf
  4534 | D:5      | Reached skill level 10 in Ranged Weapons
  4895 | D:5      | Killed Crazy Yiuf
  4989 | D:6      | Noticed Edmund
  4995 | D:6      | Killed Edmund
  5076 | D:6      | Noticed Pikel
  5086 | D:6      | Killed Pikel
  5087 | D:6      | Reached skill level 11 in Ranged Weapons
  5087 | D:6      | Reached skill level 1 in Evocations
  5118 | D:6      | Reached XP level 9. HP: 52/52 MP: 14/14
  5332 | D:6      | Noticed Prince Ribbit
  5344 | D:6      | Found Mealidiedd's Fire Supplies.
  5348 | D:6      | Killed Prince Ribbit
  5349 | D:6      | Reached skill level 12 in Ranged Weapons
  5781 | D:6      | Found a bloodstained altar of Trog.
  5781 | D:6      | Found an opulent altar of Gozag.
  6070 | D:7      | Reached skill level 13 in Ranged Weapons
  6071 | D:7      | Found the +3 pair of mountain boots {steadfast, rC+}
  6073 | D:7      | Noticed a boulder beetle
  6108 | D:7      | Killed a boulder beetle
  6109 | D:7      | Reached skill level 5 in Fighting
  6189 | D:7      | Identified the +7 quarterstaff of the Supporting Fool
                  | {flame, rF++}
  6229 | D:7      | Reached XP level 10. HP: 59/59 MP: 17/19
  6239 | D:7      | Reached skill level 5 in Spellcasting
  6487 | D:7      | Found a white marble altar of Elyvilon.
  6632 | D:7      | Found a staircase to the Ecumenical Temple.
  6642 | Temple   | Entered the Ecumenical Temple
  7191 | D:7      | Reached skill level 14 in Ranged Weapons
  7233 | D:7      | Got the Omnibus of Changing
  7813 | D:8      | Found a burning altar of Makhleb.
  7824 | D:8      | Became a worshipper of Makhleb the Destroyer
  7844 | D:8      | Noticed a two-headed ogre
  7864 | D:8      | Killed a two-headed ogre
  7987 | D:8      | Found Xayfos's Distillery.
  7999 | D:8      | Bought a potion of curing for 42 gold pieces
  7999 | D:8      | Bought 2 potions of degeneration for 28 gold pieces
  8279 | D:9      | Noticed a sun demon
  8303 | D:9      | Reached * piety under Makhleb
  8304 | D:9      | Reached skill level 1 in Invocations
  8320 | D:9      | Reached skill level 15 in Ranged Weapons
  8334 | D:9      | Reached skill level 5 in Dodging
  8347 | D:9      | Reached XP level 11. HP: 53/66 MP: 21/21
  8418 | D:9      | Found a flagged portal.
  8438 | Bailey   | Entered a bailey
  8447 | Bailey   | Noticed an orc warlord
  8485 | Bailey   | Reached ** piety under Makhleb
  8528 | Bailey   | Found a runed translucent gate.
  8528 | Bailey   | Found a runed translucent gate.
  8528 | Bailey   | Found a runed translucent gate.
  8769 | Bailey   | Slain by an orc warlord

Illustrated notes

Levels and vault maps discovered:
D:1:      dpeg_arrival_erosion, layout_basic, minmay_vboxes
D:2:      layout_basic, chequers_avenue
D:3:      layout_rooms, pdpol_wu_jian_five_deadly_venoms, amcnicky_altar_gilded,
          nemelex_spade_bored_becter, hellmonk_ecumenical_altar_run_dry,
          lemuel_flame_loot_1, uniq_natasha
D:4:      layout_loops_ring, gammafunk_temple_overflow_forgotten,
          old_standard_altar, gammafunk_ghost_cemetery, uniq_sigmund
D:5:      layout_basic, uniq_menkaure, uniq_crazy_yiuf_cottage
D:6:      layout_loops_ring, gammafunk_temple_overflow_wave, st_stairs_4,
          nicolae_shop_fire_sale [nicolae_sub_dead_trees], serial_bayou_ford_a,
          uniq_edmund, uniq_pikel, uniq_prince_ribbit1
D:7:      nzn_winding_woodlands_cross [nzn_winding_woodlands_5x15_crooked,
          nzn_winding_woodlands_5x15_lazy_stream,
          nzn_winding_woodlands_5x15_split_checker,
          nzn_winding_woodlands_5x15_pool, nzn_winding_woodlands_15x15_eel_pit],
          layout_cave_pools, mainiacjoe_overflow_boulevard,
          minmay_temple_entry_antechambers, serial_gnoll_camp,
          gnoll_camp_mini_basic, gnoll_camp_mini_hut, gnoll_camp_medium_01,
          gnoll_camp_medium_02, gnoll_camp_mini_house
D:8:      layout_basic, overflow_temple_1_default, serial_shops, shop
D:9:      layout_loops_ring, riverfiend_overflow_shadow_ancestor,
          mainiacjoe_overflow_24_doors, serial_shops, shop, enter_bailey_5,
          grunt_potential
Temple:   nicolae_temple_superstar
Bailey:   bailey_axe_bossmonster_kennysheep, bailey

Skill      XL: |  1  2  3  4  5  6  7  8  9 10 11 |
---------------+----------------------------------+-----
Dodging        | 4 5 |  5.1
Fighting       | 2 3 4 5 6 7 |  7.1
Short Blades   | 4 |  4.3
Ranged Weapons | 2 4 7 8 11 13 15 | 15.0
Armour         | 1 2 |  2.7
Stealth        | 1 2 3 |  3.3
Spellcasting   | 2 4 5 |  5.4
Evocations     | 1 3 4 |  4.6
Invocations    | 1 2 |  2.9
Throwing       | |  2.3
Shields        | |  0.5

Action                   |  1- 3 |  4- 6 |  7- 9 | 10-12 || total
-------------------------+-------+-------+-------+-------++-------
Melee: Rapier            |    64 |       |       |       ||    64
       Dagger            |    30 |       |       |       ||    30
       Punch             |     1 |       |       |       ||     1
 Fire: Sling             |    27 |    66 |   277 |   379 ||   749
Throw: Throwing net      |     6 |       |       |       ||     6
       Stone             |    12 |       |       |       ||    12
       Javelin           |     2 |       |       |       ||     2
Invok: Minor Destruction |       |       |       |     2 ||     2
  Use: Scroll            |     6 |       |     8 |     6 ||    20
       Potion            |       |       |       |     1 ||     1
 Stab: Sleeping          |     1 |       |       |       ||     1
Armor: Leather armour    |    35 |     4 |    21 |    39 ||    99
Dodge: Dodged            |    92 |     4 |    45 |   110 ||   251
Block: Other             |       |       |       |    28 ||    28
       Reflection        |       |       |       |     1 ||     1
